 Dungeon Crawl Stone Soup version 0.25.1-2-g60ff931df9 (webtiles) character file.

Game seed: 6455600610607866459

306940 Acheron the Cleaver (level 21, -1/128 HPs)
             Began as a Gargoyle Monk on Nov 4, 2020.
             Was a High Priest of Okawaru.
             Slain by a revenant (4 damage)
             ... on level 3 of the Crypt on Nov 5, 2020.
             The game lasted 07:06:37 (52202 turns).

Acheron the Cleaver (Gargoyle Monk)                Turns: 52202, Time: 07:07:03

Health: -1/128     AC: 35    Str: 15    XL:     21   Next: 17%
Magic:  18/34      EV: 23    Int: 20    God:    Okawaru [*****.]
Gold:   3972       SH: 15    Dex: 19    Spells: 9/39 levels left

rFire    + . .     SeeInvis +   w - +7 broad axe (vorpal)
rCold    + . .     Gourm    .   A - +3 buckler
rNeg     + . .     Faith    .   B - +2 acid dragon scales
rPois    ∞         Spirit   .   G - +0 hat {Int+3}
rElec    +         Reflect  +   o - scarf {rC+ rF+}
rCorr    +         Harm     .   M - +2 pair of gloves {Dex+3}
MR       +....                  W - +2 pair of boots {Fly}
Stlth    ++++++....             R - amulet of reflection
HPRegen  0.31/turn              h - ring of protection from magic
MPRegen  0.24/turn              t - ring of see invisible

@: vulnerable, heroism, infused, flying, very slightly contaminated, studying
Slings, lightly drained
A: big wings, negative energy resistance 1, electricity resistance, unbreathing,
petrification resistance, rot immunity, AC +16
}: 2/15 runes: decaying, gossamer
a: Stop Flying, Heroism, Finesse, Renounce Religion


You were on level 3 of the Crypt.
You worshipped Okawaru.
Okawaru was extremely pleased with you.
You were not hungry.

You visited 11 branches of the dungeon, and saw 43 of its levels.
You also visited: Bailey.

You collected 4158 gold pieces.
You spent 186 gold pieces at shops.

Inventory:

Hand Weapons
 d - the +11 short sword "Killer Bee's Bane" {vorpal, Int+4}
   (You found it on level 4 of the Dungeon)

   It inflicts extra damage upon your enemies.
   It affects your intelligence (+4).
 f - a +3 long sword of holy wrath
 l - the +12 fustibalus of Cumu {flame, rC- rN+ MR+}
   (You found it on level 4 of the Lair of Beasts)

   It causes projectiles fired from it to burn those they strike, causing extra
   injury to most foes and up to half again as much damage against particularly
   susceptible opponents.
   It makes you vulnerable to cold.
   It protects you from negative energy.
   It affects your resistance to hostile enchantments.
 w - a +7 vorpal broad axe (weapon)
 C - a +3 demon blade of flaming
Missiles
 g - 13 curare-tipped darts
 n - 178 sling bullets
 y - 25 boomerangs
 K - 18 silver javelins
 P - 49 javelins (quivered)
 Y - 30 atropa-tipped darts
Armour
 o - a scarf of resistance (worn)
 A - a +3 buckler (worn)
 B - +2 acid dragon scales (worn)
 G - a +0 hat of intelligence (worn)
 M - a +2 pair of gloves of dexterity (worn)
 W - a +2 pair of boots of flying (worn)
Jewellery
 h - a ring of protection from magic (left hand)
 q - an uncursed ring of protection from cold
 r - a +6 ring of dexterity
 s - an uncursed ring of protection from fire
 t - a ring of see invisible (right hand)
 Q - a +4 ring of protection
 R - an amulet of reflection (around neck)
Wands
 e - a wand of iceblast (17)
 k - a wand of disintegration (48)
 H - a wand of digging (12)
 L - a wand of paralysis (19)
 S - a wand of polymorph (32)
 T - a wand of acid (7)
Scrolls
 p - 6 scrolls of fog
 u - 11 scrolls of teleportation
 E - 8 scrolls of fear
 U - 6 scrolls of identify
 X - 18 scrolls of remove curse
Potions
 a - 4 potions of mutation
 b - 14 potions of curing
 i - 4 potions of berserk rage
 m - 2 potions of haste
 v - 2 potions of magic
 x - 2 potions of might
 z - 5 potions of stabbing
Books
 j - a manual of Slings
Miscellaneous
 O - 2 boxes of beasts
Comestibles
 c - 29 rations


   Skills:
 * Level 12.4(17.0) Fighting
 - Level 12.0(16.6) Short Blades
 + Level 0.3(12.4) Long Blades
 * Level 12.6(17.3) Axes
   Level 2.8(13.4) Polearms
 * Level 6.1(13.4) Slings
 + Level 9.5(14.9) Throwing
 + Level 10.4(15.0) Armour
 * Level 9.6(14.3) Dodging
 * Level 12.4(17.0) Stealth
 - Level 4.0(8.7) Shields
 + Level 0.2(5.0) Unarmed Combat
 * Level 9.7(9.4) Spellcasting
 + Level 7.0(6.7) Conjurations
 + Level 7.0(6.7) Hexes
 * Level 5.5(5.2) Charms
 * Level 4.6(4.3) Summonings
 + Level 4.3(4.1) Necromancy
 * Level 5.5(5.3) Translocations
 * Level 0.6(0.3) Fire Magic
 * Level 7.0(6.7) Ice Magic
 * Level 10.4(10.1) Invocations
 * Level 8.8(8.5) Evocations


You had 9 spell levels left.
You knew the following spells:

 Your Spells              Type           Power        Failure   Level  Hunger
a - Freeze                Ice            ####         1%          1    None
b - Shroud of Golubria    Chrm/Tloc      ####..       1%          2    None
c - Metabolic Englaciati  Hex/Ice        #####.....   16%         5    #####..
d - Magic Dart            Conj           ####         1%          1    None
e - Searing Ray           Conj           #####.       1%          2    None
f - Iskenderun's Mystic   Conj/Tloc      ####....     8%          4    ###....
g - Portal Projectile     Hex/Tloc       ####..       2%          3    None
h - Spectral Weapon       Hex/Chrm       ####....     2%          3    None
i - Infusion              Chrm           ####         1%          1    None
j - Animate Skeleton      Necr           N/A          1%          1    None
k - Call Imp              Summ           ####....     2%          2    None
l - Apportation           Tloc           ####..       1%          1    None
m - Summon Butterflies    Summ           ####....     1%          1    None
n - Conjure Flame         Conj/Fire      ###.....     6%          3    None

Your spell library contained the following spells:

 Spells                   Type           Power        Failure   Level  Hunger
 Corona                   Hex            #####..      1%          1    None
 Pain                     Necr           ####         1%          1    None
 Summon Small Mammal      Summ           ####         1%          1    None
 Slow                     Hex            #####...     1%          2    None
 Song of Slaying          Chrm           ####....     1%          2    None
 Confusing Touch          Hex            #####...     1%          3    None
 Dazzling Flash           Conj/Hex       #####.       1%          3    None
 Tukima's Dance           Hex            #####...     1%          3    None
 Ozocubu's Armour         Chrm/Ice       ####....     2%          3    None
 Gell's Gravitas          Tloc           ####......   3%          3    None
 Lesser Beckoning         Tloc           ####......   3%          3    None
 Summon Guardian Golem    Hex/Summ       ####....     3%          3    None
 Call Canine Familiar     Summ           ####....     4%          3    None
 Vampiric Draining        Necr           ####......   5%          3    None
 Cause Fear               Hex            #####.....   6%          4    ###....
 Fulminant Prism          Conj/Hex       #####.....   6%          4    ###....
 Hailstorm                Conj/Ice       #####...     6%          4    ###....
 Inner Flame              Hex/Fire       ###.....     7%          3    None
 Sting                    Tmut/Pois      #...         10%         1    None
 Summon Ice Beast         Ice/Summ       ####....     10%         4    ###....
 Mephitic Cloud           Conj/Pois/Air  ###.....     11%         3    None
 Poisonous Vapours        Pois/Air       #.....       14%         2    None
 Animate Dead             Necr           N/A          17%         4    ###....
 Iskenderun's Battlesphe  Conj/Chrm      ####....     22%         5    #####..
 Leda's Liquefaction      Hex/Erth       ###.......   24%         4    ###....
 Ignite Poison            Fire/Tmut/Pois #.......     26%         3    None
 Summon Lightning Spire   Summ/Air       ###.....     36%         4    ###....
 Agony                    Necr           ####....     43%         5    #####..
 Silence                  Hex/Air        ###.......   54%         5    #####..
 Yara's Violent Unravell  Hex/Tmut       ###.......   54%         5    #####..
 Invisibility             Hex            #####...     65%         6    ######.
 Ozocubu's Refrigeration  Ice            #####.....   65%         6    ######.
 Olgreb's Toxic Radiance  Pois           #.......     67%         4    ###....
 Petrify                  Tmut/Erth      #.......     67%         4    ###....
 Bolt of Magma            Conj/Fire/Erth ###.......   69%         5    #####..
 Dispersal                Tloc           ####......   86%         6    ######.
 Freezing Cloud           Conj/Ice/Air   ####......   92%         6    ######.
 Alistair's Intoxication  Tmut/Pois      #.......     95%         5    #####..
 Conjure Ball Lightning   Conj/Air       ###.......   98%         6    ######.
 Iron Shot                Conj/Erth      ###.......   98%         6    ######.
 Orb of Destruction       Conj           #####.....   99%         7    #######
 Ring of Flames           Chrm/Fire      ###.......   100%        7    #######
 Spellforged Servitor     Conj/Summ      ####......   100%        7    #######
 Discord                  Hex            #####.....   100%        8    #######
 Tornado                  Air            #.........   100%        9    #######


Dungeon Overview and Level Annotations

Branches:
Dungeon (15/15)            Temple (1/1) D:7            Lair (6/6) D:8
  Swamp (4/4) Lair:3       Spider (4/4) Lair:2        Slime (0/5) Lair:6
    Orc (2/2) D:10            Elf (1/3) Orc:2        Vaults (4/5) D:13
  Crypt (3/3) Vaults:3       Tomb (1/3) Crypt:3      Depths (3/5) D:15
 Bailey (visited)

Altars:
Dithmenos
Elyvilon
Fedhas
Gozag
Hepliaklqana
Kikubaaqudgha
Makhleb
Nemelex Xobeh
Okawaru
Qazlal
Trog
Uskayaw
Vehumet
Wu Jian
Xom
Yredelemnul
Zin
The Shining One
Beogh
Jiyva

Shops:
D:10 *(   D:13 (   D:14 %   D:15 %   Orc:1 }   Orc:2 *(:?   Vaults:1 (
Depths:2 *(?*[%

Portals:
Hell: Depths:1 Depths:2
Abyss: Depths:2
Ziggurat: Depths:1

Annotations:
D:2 Natasha
D:13 exclusion: downstairs
Swamp:2 Aizul
Vaults:1 exclusion: downstairs
Crypt:2 exclusion: upstairs
Depths:1 Sojobo
Depths:2 exclusion: 2 upstairs
Depths:3 exclusion: upstairs


Innate Abilities, Weirdness & Mutations

You are resistant to torment.
Your stone body is resilient. (AC +16)
You are immune to poison.
Your large and strong wings let you fly indefinitely.
You resist negative energy. (rN+)
You are resistant to electric shocks. (rElec)
You can survive without breathing.
You are immune to petrification.
You are immune to rotting.


Message History

You block the vampire knight's attack.
The vampire knight bites you but does no damage.
The phantasmal warrior hits you but does no damage.
The revenant hits you!
* * * LOW HITPOINT WARNING * * *
The wraith misses you.
The spectral human completely misses you.
The phantasmal warrior completely misses you.
The revenant conjures spectral mists around you.
The spectral mist engulfs you but does no damage.
You block the vampire knight's attack. x2
The wraith hits you but does no damage. You block the spectral human's attack.
You feel better.
You are engulfed in spectral mist.
* * * LOW HITPOINT WARNING * * *
The vampire knight hits you with a +0 battleaxe!
* * * LOW HITPOINT WARNING * * *
The vampire knight bites you but does no damage.
The phantasmal warrior barely misses you.
The revenant hits you.
You die...

#......#
#......#
#......#
#......#
#...zz.#
#(...z.#
#...z§.#
#.z.☼§W#
#...Z@V#
#...WL§#
#..2..°#
#......#
#......#
#......#
#......#
#......#


You could see a revenant, a vampire knight (fast, invisible), a phantasmal
warrior, a spectral human (summoned), a wraith, a friendly reaper (summoned), a
friendly ancient champion (summoned) and 4 friendly skeletal warriors.

Vanquished Creatures
  Nikola (Vaults:2)
  Jorgrun (D:15)
  A lich (Depths:2)
  Rupert (D:14)
  Asterion (Spider:3)
  A sphinx (Depths:2)
  2 ancient champions (Crypt:3)
  Kirke (D:14)
  Agnes (Spider:1)
  A thorn hunter (Swamp:4)
  A fire giant (Depths:2)
  Donald (Orc:2)
  A deep elf sorcerer (Vaults:2)
  9 emperor scorpions
  3 vault wardens (Vaults:1)
  2 frost giants (Depths:2)
  Louise (D:15)
  5 ghost moths
  2 curse skulls
  A balrug (Depths:2)
  5 ghouls
  3 ironheart preservers
  8 stone giants
  A war gargoyle (Vaults:1)
  6 very ugly things (Depths:2)
  3 entropy weavers
  3 vampire knights
  A dire elephant (Lair:6)
  A deep elf demonologist (Vaults:2)
  6 spark wasps
  A deep elf annihilator (Vaults:2)
  The ghost of SeriousMike the Cruncher, a journeyman HOMo of Beogh (Orc:2)
  An eidolon (Crypt:3)
  A mummy priest (Tomb:1)
  A deep elf death mage (Crypt:1)
  A merfolk javelineer (Depths:1)
  Josephine (D:14)
  A fire dragon (Lair:6)
  Erolcha (D:11)
  A rakshasa (Depths:2)
  2 jiangshi (Crypt:1)
  6 ice dragons
  2 yaktaur captains (Vaults:3)
  A great orb of eyes (Depths:2)
  3 shambling mangroves
  A ghost crab (Swamp:4)
  2 death knights
  6 vault guards
  6 centaur warriors
  14 hydras
  A spriggan air mage (Depths:2)
  15 two-headed ogres
  5 ogre magi
  10 alligators
  A dancing weapon (Elf:1)
  A queen ant (Spider:3)
  5 vampire magi
  4 tengu warriors
  3 deep troll earth magi (Depths:2)
  3 death yaks (Lair:6)
  A deep troll shaman (Depths:2)
  2 orc high priests
  A small abomination (Crypt:1)
  2 soul eaters
  4 spriggans
  A hell knight (Depths:2)
  4 deep elf knights
  A storm dragon skeleton (Crypt:2)
  A fire crab (shapeshifter) (Vaults:2)
  3 shadow wraiths
  A sun demon (Depths:2)
  A glowing orange brain (Depths:2)
  4 deep trolls
  A wizard (D:13)
  2 swamp dragons
  11 skeletal warriors
  2 unseen horrors
  3 phantasmal warriors
  A spriggan druid (Swamp:4)
  An anaconda skeleton (Crypt:2)
  4 flayed ghosts
  A deep elf archer (Vaults:1)
  2 ironbrand convokers
  7 orc knights
  3 lindwurms (Lair:6)
  A golden dragon skeleton (Tomb:1)
  41 wolf spiders
  5 deep elf magi
  An oklob plant (Lair:6)
  4 necromancers
  A wolf spider zombie (D:14)
  3 orc sorcerers
  An orb spider (shapeshifter) (Vaults:3)
  2 frost giant zombies
  4 cyclopes
  17 orb spiders
  2 moths of wrath
  27 ugly things
  8 elephants
  7 black mambas
  18 spiny frogs
  2 gargoyles
  A dire elephant skeleton (Crypt:1)
  5 vault sentinels
  A minotaur zombie (Crypt:3)
  Joseph (D:7)
  9 apocalypse crabs (Depths:2)
  6 torpor snails (Lair:6)
  2 kobold demonologists (D:13)
  13 yaktaurs
  A yaktaur skeleton (D:15)
  An efreet (D:10)
  3 rime drakes (Lair:6)
  20 demonic crawlers
  5 komodo dragons
  10 freezing wraiths
  A death yak skeleton (Crypt:1)
  31 jumping spiders
  A hydra zombie (Crypt:1)
  A wind drake (shapeshifter) (Vaults:3)
  A merfolk (shapeshifter) (Depths:1)
  2 tengu conjurers (Depths:2)
  A polar bear (Lair:5)
  A troll (shapeshifter) (Depths:1)
  7 tyrant leeches
  14 trolls
  A jumping spider zombie (Crypt:3)
  2 shadow dragon simulacra (Crypt:2)
  A raiju (shapeshifter) (Vaults:1)
  A hydra skeleton (Crypt:1)
  14 slime creatures
  11 bog bodies
  25 hornets
  11 blink frogs
  A stone giant simulacrum (Vaults:1)
  2 dream sheep (Lair:6)
  11 hippogriffs
  2 meliai zombies
  14 flying skulls
  A vampire (D:15)
  2 shadows
  38 tarantellas
  A wyvern (Lair:3)
  A fire dragon skeleton (Crypt:1)
  31 yaks
  97 redbacks
  7 water elementals (Depths:1)
  2 basilisks (shapeshifter)
  10 wraiths
  5 hogs (D:14)
  18 humans (D:13)
  2 basilisks
  A tarantella (shapeshifter) (D:13)
  A fire elemental (D:15)
  A wind drake skeleton (Crypt:1)
  A hog (shapeshifter) (D:13)
  10 vampire mosquitoes
  3 swamp worm simulacra (Swamp:4)
  Eustachio (D:5)
  8 insubstantial wisps
  6 wargs
  15 swamp worms
  A merfolk zombie (Crypt:2)
  An acid dragon (Vaults:1)
  6 water moccasins
  A soldier ant (shapeshifter) (Depths:1)
  A floating eye (Depths:2)
  8 soldier ants (Spider:3)
  15 hydra simulacra (Swamp:4)
  6 porcupines
  A human skeleton (D:15)
  32 orc warriors
  3 swamp drakes
  A swamp dragon zombie (Tomb:1)
  2 ice beasts
  4 sky beasts
  A hornet zombie (D:13)
  A snapping turtle zombie (Tomb:1)
  6 necrophages
  A phantom (D:5)
  A black bear (D:9)
  20 centaurs
  25 ogres
  10 wolves
  A snapping turtle skeleton (Crypt:3)
  A hog skeleton (Crypt:3)
  12 crocodiles
  A blink frog skeleton (Crypt:1)
  9 bullfrogs
  A big kobold (D:13)
  An ogre simulacrum (Vaults:1)
  A scorpion (D:11)
  3 electric eels
  8 wights
  4 howler monkeys
  A raiju skeleton (Crypt:3)
  3 bullfrog zombies
  4 crimson imps
  A quasit (D:10)
  13 orc priests
  2 jellies
  A hound (D:7)
  Crazy Yiuf (D:7)
  10 orc wizards
  A bullfrog skeleton (D:4)
  7 centaur skeletons
  An iguana (D:7)
  31 worker ants
  An acid dragon zombie (Crypt:1)
  A demigod zombie (Crypt:2)
  An ogre skeleton (Crypt:1)
  2 hound skeletons
  3 mummies (Tomb:1)
  A worker ant zombie (D:9)
  14 gnolls
  A howler monkey skeleton (Crypt:1)
  5 adders
  A shadow imp (D:9)
  13 white imps
  An ufetubus (Vaults:1)
  5 swamp drake simulacra (Swamp:4)
  2 adder zombies
  3 worms (D:3)
  2 leopard geckos
  78 orcs
  10 bats
  5 giant cockroaches
  10 goblins
  7 hobgoblins
  2 jackals (D:4)
  11 kobolds
  4 quokkas
  2 frilled lizards
  A goblin zombie (Crypt:3)
  A hobgoblin skeleton (Crypt:3)
  2 jackal skeletons
  A kobold skeleton (Crypt:2)
  An orc zombie (Crypt:3)
  A quokka skeleton (D:7)
  A quokka zombie (D:9)
  5 rats
  A plant (Lair:6)
1343 creatures vanquished.

Vanquished Creatures (collateral kills)
  3 fire giants
  2 stone giants
  Snorg (Orc:2)
  A great orb of eyes (Depths:2)
  An ice dragon (Depths:2)
  A satyr (shapeshifter) (Depths:2)
  A two-headed ogre (Orc:2)
  A deep troll shaman (Depths:2)
  2 alligators (Swamp:1)
  A deep elf knight (Vaults:1)
  A skeletal warrior (D:15)
  A flayed ghost (Depths:2)
  An unseen horror (D:15)
  A spriggan druid (Swamp:2)
  2 deep elf magi
  An orc knight (Vaults:1)
  A cyclops (D:14)
  A manticore (D:15)
  An ugly thing (Vaults:1)
  A centaur zombie (D:13)
  A vault sentinel (Vaults:3)
  An apocalypse crab (Depths:2)
  A spiny frog (Swamp:1)
  An efreet (D:14)
  A bog body (Swamp:2)
  3 water elementals (Depths:1)
  A yak (D:13)
  A wraith (D:14)
  A black mamba skeleton (Crypt:2)
  A human (D:13)
  An insubstantial wisp (Swamp:2)
  A swamp drake (shapeshifter) (D:15)
  3 orc warriors
  A swamp drake (Swamp:1)
  A tengu zombie (D:15)
  A crimson imp (D:15)
  7 orcs
  2 withered plants (D:15)
54 creatures vanquished.

Vanquished Creatures (others)
  A deep troll earth mage (Depths:1)
  A human (D:14)
  A hog (D:14)
  An insubstantial wisp (Swamp:2)
  A worker ant (Spider:3)
  6 fungi
  7 plants
  4 spectral weapons
22 creatures vanquished.

Grand Total: 1419 creatures vanquished

Notes
Turn   | Place    | Note
-------+----------+-------------------------------------------
     0 | D:1      | Acheron the Gargoyle Monk began the quest for the Orb.
     0 | D:1      | Reached XP level 1. HP: 14/14 MP: 1/1
   117 | D:2      | Noticed Natasha
   302 | D:1      | Reached XP level 2. HP: 19/19 MP: 1/3
   549 | D:1      | Reached skill level 1 in Spellcasting
   787 | D:2      | Reached XP level 3. HP: 17/23 MP: 4/4
  1139 | D:3      | Reached skill level 1 in Polearms
  1139 | D:3      | Reached skill level 1 in Throwing
  1139 | D:3      | Reached XP level 4. HP: 20/28 MP: 5/5
  1414 | D:3      | Noticed an ogre
  2028 | D:3      | Reached XP level 5. HP: 32/32 MP: 6/6
  2276 | D:4      | Got an ichor-stained short sword
  2277 | D:4      | Identified the +11 short sword "Killer Bee's Bane" {vorpal,
                  | Int+4} (You found it on level 4 of the Dungeon)
  2292 | D:4      | Reached skill level 1 in Armour
  2379 | D:5      | Entered Level 5 of the Dungeon
  2379 | D:5      | Noticed a centaur
  2383 | D:5      | Killed a centaur
  2383 | D:5      | Reached XP level 6. HP: 38/38 MP: 8/8
  2397 | D:5      | Noticed a phantom
  2412 | D:5      | Noticed Eustachio
  2427 | D:5      | Killed Eustachio
  2427 | D:5      | Reached skill level 1 in Short Blades
  2427 | D:5      | Reached XP level 7. HP: 27/42 MP: 8/10
  2582 | D:5      | Found an opulent altar of Gozag.
  2624 | D:5      | Identified Ongah's Handbook of the Traveller and Cold
  2629 | D:5      | Learned a level 1 spell: Freeze
  2639 | D:5      | Found a shadowy altar of Dithmenos.
  2639 | D:5      | Found a radiant altar of Vehumet.
  2640 | D:5      | Found an ornate altar of the Wu Jian Council.
  2696 | D:5      | Learned a level 2 spell: Shroud of Golubria
  2739 | D:5      | Found a blossoming altar of Fedhas.
  2872 | D:5      | Found a bloodstained altar of Trog.
  3290 | D:6      | Reached XP level 8. HP: 46/48 MP: 11/11
  3418 | D:7      | Reached skill level 1 in Ice Magic
  3423 | D:7      | Reached skill level 1 in Charms
  3478 | D:7      | Found a staircase to the Ecumenical Temple.
  3487 | D:7      | Reached skill level 1 in Translocations
  3498 | Temple   | Entered the Ecumenical Temple
  3555 | Temple   | Became a worshipper of Warmaster Okawaru
  3555 | Temple   | Reached * piety under Okawaru
  3555 | Temple   | Reached ** piety under Okawaru
  3781 | D:7      | Noticed Joseph
  3802 | D:7      | Killed Joseph
  3911 | D:7      | Reached XP level 9. HP: 52/52 MP: 13/13
  4311 | D:7      | Found a runed translucent door.
  4312 | D:7      | Noticed Crazy Yiuf
  4320 | D:7      | Killed Crazy Yiuf
  4345 | D:7      | Learned a level 5 spell: Metabolic Englaciation
  4558 | D:8      | Found a staircase to the Lair.
  4684 | D:8      | Found a shimmering altar of Xom.
  4698 | D:8      | Reached *** piety under Okawaru
  4840 | D:9      | Reached skill level 1 in Invocations
  5129 | D:9      | Found a shadowy altar of Dithmenos.
  5168 | D:8      | Reached skill level 1 in Shields
  5223 | D:8      | Reached skill level 5 in Short Blades
  5234 | D:8      | Reached **** piety under Okawaru
  5234 | D:8      | Reached skill level 5 in Stealth
  5234 | D:8      | Reached skill level 1 in Hexes
  5497 | D:9      | Reached skill level 5 in Fighting
  5497 | D:9      | Reached skill level 1 in Evocations
  5502 | D:9      | Reached XP level 10. HP: 51/59 MP: 15/15
  5603 | D:9      | Found a sparkling altar of Nemelex Xobeh.
  5714 | D:10     | Entered Level 10 of the Dungeon
  5781 | D:10     | Found Cutaumn's Lightly-Used Armoury.
  6088 | D:10     | Found a staircase to the Orcish Mines.
  6089 | D:10     | Noticed a two-headed ogre
  6290 | D:10     | Noticed a two-headed ogre
  6305 | D:10     | Received a gift from Okawaru
  6319 | D:10     | Killed a two-headed ogre
  6319 | D:10     | Received a gift from Okawaru
  6410 | D:10     | Killed a two-headed ogre
  6418 | D:10     | Received a gift from Okawaru
  6845 | Orc:1    | Entered Level 1 of the Orcish Mines
  6858 | Orc:1    | Received a gift from Okawaru
  6858 | Orc:1    | Reached skill level 5 in Dodging
  6955 | Orc:2    | Entered Level 2 of the Orcish Mines
  7114 | D:10     | Learned a level 1 spell: Magic Dart
  7117 | D:10     | Learned a level 2 spell: Searing Ray
  7122 | D:10     | Learned a level 4 spell: Iskenderun's Mystic Blast
  7131 | D:10     | Noticed a two-headed ogre
  7136 | D:10     | Killed a two-headed ogre
  7136 | D:10     | Reached XP level 11. HP: 27/64 MP: 17/17
  7389 | D:10     | Found Dex Wae's Antique Weapon Emporium.
  7512 | Lair:1   | Entered Level 1 of the Lair of Beasts
  7514 | Lair:1   | Received a gift from Okawaru
  7563 | Lair:1   | Noticed a five-headed hydra
  7591 | Lair:1   | Killed a five-headed hydra
  7600 | Lair:1   | Identified the Almanac of the Lucky Glacier
  7913 | Lair:1   | Noticed a six-headed hydra
  7920 | Lair:1   | Killed a six-headed hydra
  7920 | Lair:1   | Reached ***** piety under Okawaru
  8292 | Lair:2   | Received a gift from Okawaru
  8293 | Lair:2   | Got a pair of steaming boots {god gift}
  8337 | Lair:2   | Reached skill level 5 in Armour
  8506 | Lair:2   | Noticed a six-headed hydra
  8836 | Lair:3   | Identified the +2 pair of boots "Wuif" {Harm rCorr Stlth+}
                  | (Okawaru gifted it to you on level 2 of the Lair of Beasts)
  9054 | Lair:3   | Found a staircase to the Swamp.
  9294 | Lair:3   | Noticed a seven-headed hydra
  9318 | Lair:3   | Killed a seven-headed hydra
  9318 | Lair:3   | Reached XP level 12. HP: 70/70 MP: 16/19
  9599 | Lair:2   | Found a hole to the Spider Nest.
  9943 | Lair:2   | Noticed a five-headed hydra
  9951 | Lair:2   | Killed a five-headed hydra
 10052 | Lair:2   | Killed a six-headed hydra
 10264 | Lair:2   | Reached skill level 5 in Spellcasting
 10896 | Lair:6   | Entered Level 6 of the Lair of Beasts
 10896 | Lair:6   | Noticed a five-headed hydra
 10900 | Lair:6   | Killed a five-headed hydra
 10900 | Lair:6   | Reached skill level 5 in Throwing
 10943 | Lair:6   | Noticed an eight-headed hydra
 10967 | Lair:6   | Killed an eight-headed hydra
 11348 | Lair:6   | Found a runed translucent door.
 11348 | Lair:6   | Noticed a fire dragon
 11351 | Lair:6   | Received a gift from Okawaru
 11654 | Lair:6   | Found a viscous altar of Jiyva.
 11654 | Lair:6   | Found a staircase to the Slime Pits.
 12167 | Lair:6   | Reached skill level 5 in Ice Magic
 12167 | Lair:6   | Reached XP level 13. HP: 72/76 MP: 19/21
 12680 | Lair:5   | Reached skill level 5 in Invocations
 12735 | Lair:5   | Found a bloodstained altar of Trog.
 13254 | Lair:4   | Got a glimmering fustibalus
 14719 | Lair:6   | Reached skill level 1 in Conjurations
 14752 | Lair:6   | Reached skill level 5 in Charms
 14752 | Lair:6   | Reached skill level 5 in Translocations
 14953 | Lair:6   | Received a gift from Okawaru
 15500 | Lair:6   | Identified a scroll of acquirement
 15500 | Lair:6   | Acquired a +2 pair of gloves of dexterity
 15532 | Lair:6   | Identified the +12 fustibalus of Cumu {flame, rC- rN+ MR+}
                  | (You found it on level 4 of the Lair of Beasts)
 15885 | Lair:6   | Noticed a dire elephant
 16126 | Lair:6   | Killed a dire elephant
 16126 | Lair:6   | Gained mutation: Your large and strong wings let you fly
                  | indefinitely. [Gargoyle growth]
 16126 | Lair:6   | Reached XP level 14. HP: 20/83 MP: 19/22
 16487 | Lair:6   | Learned a level 3 spell: Portal Projectile
 16948 | Lair:6   | Reached skill level 10 in Short Blades
 17303 | Spider:1 | Entered Level 1 of the Spider Nest
 17335 | Lair:2   | Received a gift from Okawaru
 17974 | Spider:4 | Entered Level 4 of the Spider Nest
 18550 | Spider:1 | Noticed Agnes
 18981 | Spider:2 | Received a gift from Okawaru
 19183 | Spider:1 | Killed Agnes
 19205 | Spider:1 | Identified the Almanac of Icy Curses
 19285 | Spider:1 | Noticed a ghost moth
 19297 | Spider:1 | Killed a ghost moth
 19297 | Spider:1 | Reached ****** piety under Okawaru
 19299 | Spider:1 | Reached skill level 5 in Evocations
 19312 | Spider:1 | Received a gift from Okawaru
 20318 | Spider:1 | Reached XP level 15. HP: 84/90 MP: 24/24
 20707 | Spider:1 | Received a gift from Okawaru
 21141 | Spider:2 | Received a gift from Okawaru
 21150 | Spider:2 | Got a fine fustibalus {god gift}
 21845 | Spider:2 | Noticed an emperor scorpion
 21906 | Spider:2 | Killed an emperor scorpion
 22336 | Spider:3 | Received a gift from Okawaru
 22464 | Spider:3 | Noticed an emperor scorpion
 22487 | Spider:3 | Killed an emperor scorpion
 22867 | Spider:3 | Noticed Asterion
 23328 | Spider:4 | Noticed a ghost moth
 23342 | Spider:4 | Killed a ghost moth
 23384 | Spider:4 | Noticed an emperor scorpion
 23435 | Spider:4 | Killed an emperor scorpion
 23435 | Spider:4 | Received a gift from Okawaru
 23436 | Spider:4 | Got a polished short sword {god gift}
 23669 | Spider:4 | Noticed an emperor scorpion
 23680 | Spider:4 | Reached XP level 16. HP: 96/97 MP: 26/26
 23703 | Spider:4 | Reached skill level 5 in Conjurations
 24338 | Spider:4 | Reached skill level 10 in Fighting
 24932 | Spider:4 | Received a gift from Okawaru
 25174 | Spider:4 | Received a gift from Okawaru
 25183 | Spider:4 | Identified the +9 fustibalus "Qizeirug" {flame, rC+}
                  | (Okawaru gifted it to you on level 2 of the Spider Nest)
 25187 | Spider:4 | Got a crystal great sword {god gift}
 25992 | Spider:4 | Reached skill level 5 in Axes
 26093 | Spider:4 | Identified the +7 short sword of the Vendetta {vorpal,
                  | +Fly} (Okawaru gifted it to you on level 4 of the Spider
                  | Nest)
 26255 | Spider:4 | Got a gossamer rune of Zot
 26926 | Spider:4 | Reached skill level 10 in Stealth
 27596 | Spider:3 | Killed Asterion
 27596 | Spider:3 | Received a gift from Okawaru
 27603 | Spider:3 | Received a gift from Okawaru
 27826 | Spider:3 | Got an encrusted glaive {god gift}
 28044 | Lair:3   | Identified the +1 glaive "Ceywki" {elec, rF+ rC+ Str+4}
                  | (Okawaru gifted it to you on level 3 of the Spider Nest)
 28053 | Lair:3   | Identified the +6 great sword "Inin" {vorpal, MR+} (Okawaru
                  | gifted it to you on level 4 of the Spider Nest)
 28085 | Swamp:1  | Entered Level 1 of the Swamp
 28599 | Swamp:1  | Learned a level 3 spell: Spectral Weapon
 28601 | Swamp:1  | Learned a level 1 spell: Infusion
 28807 | Swamp:1  | Reached XP level 17. HP: 63/103 MP: 28/28
 29432 | Swamp:3  | Received a gift from Okawaru
 29739 | Swamp:4  | Entered Level 4 of the Swamp
 30186 | Swamp:4  | Received a gift from Okawaru
 31158 | Swamp:4  | Received a gift from Okawaru
 31417 | Swamp:4  | Got a decaying rune of Zot
 31907 | Swamp:2  | Received a gift from Okawaru
 31936 | Swamp:2  | Got a steaming chain mail {god gift}
 31937 | Swamp:2  | Identified the +3 chain mail "Tyug" {+Inv Int+6} (Okawaru
                  | gifted it to you on level 2 of the Swamp)
 31981 | Swamp:2  | Reached skill level 10 in Armour
 32014 | Swamp:2  | Learned a level 1 spell: Animate Skeleton
 32267 | Swamp:2  | Noticed Aizul
 32388 | Swamp:2  | Learned a level 2 spell: Call Imp
 33560 | Orc:2    | Noticed Donald
 33599 | Orc:2    | Noticed Snorg
 33605 | Orc:1    | Found Dikawuic's Gadget Shoppe.
 34061 | Orc:2    | Found a roughly hewn altar of Beogh.
 34063 | Orc:2    | Found Eteiloe's Book Emporium.
 34063 | Orc:2    | Found Qihunk's Assorted Antiques.
 34063 | Orc:2    | Found Qouqajin's Magic Scroll Boutique.
 34111 | Orc:2    | Reached skill level 1 in Summonings
 34244 | Orc:2    | Found Nubirog's Antique Weapon Shoppe.
 34251 | Orc:2    | Bought a scroll of identify for 26 gold pieces
 34251 | Orc:2    | Bought a scroll of teleportation for 39 gold pieces
 34327 | Orc:2    | Reached skill level 1 in Necromancy
 34343 | Orc:2    | Killed Snorg
 34359 | Orc:2    | Killed Donald
 34359 | Orc:2    | Reached XP level 18. HP: 46/110 MP: 23/30
 34533 | Orc:2    | Found a staircase to the Elven Halls.
 34643 | Orc:2    | Found a runed translucent gate.
 34643 | Orc:2    | Found a runed translucent gate.
 34643 | Orc:2    | Found a runed translucent gate.
 34644 | Orc:2    | Found an opulent altar of Gozag.
 34644 | Orc:2    | Noticed SeriousMike's ghost (journeyman HOMo)
 34700 | Orc:2    | Reached skill level 5 in Hexes
 34717 | Orc:2    | Killed SeriousMike's ghost
 34863 | Orc:1    | Found a roughly hewn altar of Beogh.
 34949 | Elf:1    | Entered Level 1 of the Elven Halls
 34969 | Elf:1    | Received a gift from Okawaru
 35133 | D:11     | Noticed Erolcha
 35277 | D:11     | Killed Erolcha
 35419 | D:11     | You are sucked into a shaft and drop 2 floors!
 35477 | D:13     | Got a brightly glowing leather armour
 35478 | D:13     | Identified the +1 leather armour of Paqiloy {rC+ rN+} (You
                  | found it on level 13 of the Dungeon)
 35624 | D:13     | Received a gift from Okawaru
 35679 | D:13     | Received a gift from Okawaru
 35912 | D:13     | Received a gift from Okawaru
 36013 | D:13     | Found a gate to the Vaults.
 36255 | D:13     | Found Roopuveo's Weapon Shop.
 36549 | D:14     | Noticed Rupert
 36602 | D:14     | Found Sequo's Food Emporium.
 36607 | D:14     | Learned a level 1 spell: Apportation
 36609 | D:14     | Learned a level 1 spell: Summon Butterflies
 36810 | D:14     | Found a flagged portal.
 36825 | Bailey   | Entered a bailey
 37403 | D:14     | Killed Rupert
 37643 | D:14     | Noticed Kirke
 37650 | D:14     | Noticed Josephine
 37658 | D:14     | Killed Kirke
 37669 | D:15     | Entered Level 15 of the Dungeon
 37964 | D:15     | Noticed Louise
 37987 | D:15     | Killed Louise
 38012 | D:15     | Found a staircase to the Depths.
 38263 | D:15     | Noticed Jorgrun
 38452 | Depths:1 | Entered Level 1 of the Depths
 38633 | Depths:1 | Found a gateway to Hell.
 38844 | Depths:2 | Found Ojiheas's Antique Armour Boutique.
 38852 | Depths:2 | Found Rekit's Food Boutique.
 38966 | Depths:2 | Paralysed by an apocalypse crab for 2 turns
 38971 | Depths:2 | Paralysed by you for 6 turns
 39029 | Depths:2 | Paralysed by you for 6 turns
 39108 | Depths:2 | Reached skill level 10 in Axes
 39476 | Depths:3 | Received a gift from Okawaru
 39860 | Depths:2 | Found Aroofem's Changing Room.
 40107 | Depths:2 | Found Igateomi's Antique Weapon Shoppe.
 40107 | Depths:2 | Found Onuin's General Store.
 40131 | Depths:2 | Found Etihiw's Magic Scroll Shop.
 40144 | Depths:2 | Bought a scroll of teleportation for 33 gold pieces
 40144 | Depths:2 | Bought a scroll of identify for 22 gold pieces
 40144 | Depths:2 | Bought a scroll of identify for 22 gold pieces
 40144 | Depths:2 | Bought a scroll of identify for 22 gold pieces
 40144 | Depths:2 | Bought a scroll of identify for 22 gold pieces
 40181 | Depths:2 | Found a one-way gate to the infinite horrors of the Abyss.
 40191 | Depths:2 | Reached XP level 19. HP: 43/115 MP: 31/31
 40207 | Depths:2 | Reached skill level 1 in Slings
 41350 | Depths:2 | Paralysed by a great orb of eyes for 7 turns
 41541 | Depths:2 | Noticed a lich
 41564 | Depths:2 | Killed a lich
 41573 | Depths:2 | Received a gift from Okawaru
 41655 | Depths:2 | Received a gift from Okawaru
 42330 | Depths:1 | Found a gateway to a ziggurat.
 42382 | Depths:1 | Noticed Sojobo
 42767 | Depths:1 | Identified the amulet "Jiallum" {Faith rN+}
 43226 | D:15     | Killed Jorgrun
 43787 | D:15     | Found Ixefoka's Food Boutique.
 44358 | D:14     | Killed Josephine
 44737 | Vaults:1 | Entered Level 1 of the Vaults
 45145 | Vaults:1 | Received a gift from Okawaru
 45248 | Vaults:1 | Found a huge runed gate.
 45248 | Vaults:1 | Found a huge runed gate.
 45248 | Vaults:1 | Found a huge runed gate.
 45248 | Vaults:1 | Found a huge runed gate.
 45248 | Vaults:1 | Found a huge runed gate.
 45249 | Vaults:1 | Found a huge runed gate.
 45249 | Vaults:1 | Found a huge runed gate.
 45249 | Vaults:1 | Found a huge runed gate.
 45249 | Vaults:1 | Found a huge runed gate.
 45249 | Vaults:1 | Found a huge runed gate.
 45250 | Vaults:1 | Found a huge runed gate.
 45250 | Vaults:1 | Found a huge runed gate.
 45251 | Vaults:1 | Found a huge runed gate.
 45252 | Vaults:1 | Found a huge runed gate.
 45253 | Vaults:1 | Found a huge runed gate.
 45261 | Vaults:1 | Found a huge runed gate.
 45261 | Vaults:1 | Found a huge runed gate.
 45261 | Vaults:1 | Found a huge runed gate.
 45261 | Vaults:1 | Found a huge runed gate.
 45261 | Vaults:1 | Found a huge runed gate.
 45262 | Vaults:1 | Found a huge runed gate.
 45263 | Vaults:1 | Found a huge runed gate.
 45265 | Vaults:1 | Found a huge runed gate.
 45451 | Vaults:1 | Found Fexur's Weapon Shoppe.
 45650 | Vaults:1 | Found a huge runed gate.
 45650 | Vaults:1 | Found a huge runed gate.
 45650 | Vaults:1 | Found a huge runed gate.
 45650 | Vaults:1 | Found a huge runed gate.
 45656 | Vaults:1 | Found a huge runed gate.
 45656 | Vaults:1 | Found a huge runed gate.
 45660 | Vaults:1 | Found a huge runed gate.
 45660 | Vaults:1 | Found a huge runed gate.
 45660 | Vaults:1 | Found a huge runed gate.
 45804 | Vaults:1 | Found a huge runed gate.
 45812 | Vaults:1 | Found a huge runed gate.
 45812 | Vaults:1 | Found a huge runed gate.
 45812 | Vaults:1 | Found a huge runed gate.
 45827 | Vaults:1 | Reached XP level 20. HP: 110/122 MP: 33/33
 45988 | Vaults:1 | Received a gift from Okawaru
 46280 | Vaults:2 | You are sucked into a shaft and drop 1 floor!
 46742 | Vaults:3 | Reached skill level 10 in Invocations
 46781 | Vaults:3 | Received a gift from Okawaru
 46963 | Vaults:3 | Found a staircase to the Crypt.
 47406 | Vaults:3 | Received a gift from Okawaru
 47521 | Vaults:1 | Received a gift from Okawaru
 47536 | Vaults:1 | HP: 3/122 [war gargoyle/spray of metal splinters (32)]
 47598 | Vaults:2 | HP: 4/122 [sphinx (14)]
 48010 | Vaults:2 | Reached skill level 5 in Slings
 48367 | Vaults:2 | Noticed Nikola
 48383 | Vaults:2 | Killed Nikola
 49199 | Crypt:1  | Entered Level 1 of the Crypt
 49290 | Crypt:3  | Entered Level 3 of the Crypt
 49395 | Crypt:3  | Found a staircase to the Tomb.
 49401 | Tomb:1   | Entered Level 1 of the Tomb of the Ancients
 50124 | Crypt:1  | HP: 5/122 [jiangshi[a vampire mage] (12)]
 51174 | Crypt:2  | Reached XP level 21. HP: 128/128 MP: 34/34
 51179 | Crypt:2  | Learned a level 3 spell: Conjure Flame
 52201 | Crypt:3  | HP: 1/128 [revenant (9)]
 52202 | Crypt:3  | Slain by a revenant

Illustrated notes

Levels and vault maps discovered:
D:1:      minmay_arrival_stair_chambers, layout_basic, minmay_pentomino_t4
D:2:      layout_basic, marbit_many_paths, first_ration, uniq_natasha
D:3:      layout_rooms, chequers_temple_overflow_statue_of_worship
D:4:      layout_loops_corners, nrook_uturn, hangedman_decor_peaks_small
D:5:      layout_cave_pools, nicolae_gozag_seed_capital, fedhas_ov_isle_minmay,
          gammafunk_temple_overflow_claw, minmay_misc_feat_room, minivault_11,
          lemuel_tele_altar, uniq_eustachio
D:6:      layout_loops_ring, evilmike_ruin_ashenzari, minmay_misc_feat_hallway,
          uniq_maggie
D:7:      layout_basic, temple_statues, uniq_crazy_yiuf_cottage, uniq_joseph
D:8:      layout_cave_pools, nicolae_overflow_crystal_walls, lair_entry_dummy
D:9:      layout_cross, lemuel_round_altar, grunt_dithmenos_smoke
D:10:     layout_rooms, minmay_orc_entry_guard_dogs, serial_shops,
          kennysheep_little_box, grunt_ogre_cave, minmay_shop_damaged,
          lightli_fourway_metalbox
D:11:     layout_layer_cave, basic_altar, uniq_erolcha
D:13:     layout_loops_ring, grunt_vaults_entry_tiered, serial_shops,
          nicolae_shop_behind_doors, minivault_10, nrook_mini_vaults
D:14:     layout_loops_cross, serial_shops, shop, lightli_bailey_entry_fortress,
          portal_ice_cave_entry_imps, nicolae_water_bricks,
          nicolae_straight_to_the_point, uniq_kirke, uniq_rupert, uniq_josephine
D:15:     gammafunk_depths_entry_grave, layout_basic,
          chequers_serial_rivers_room_a, serial_shops, nicolae_shop_trees,
          uniq_jorgrun, uniq_louise
Temple:   minmay_temple_curvy_loop
Lair:1:   layout_loops_ring
Lair:2:   layout_gridlike, nicolae_spider_entry_tight_spaces,
          serial_bayou_shore_b
Lair:3:   layout_regular_city, swamp_mist_pool
Lair:4:   layout_long_grid
Lair:5:   layout_roguey, lemuel_centaur_altar, grunt_megastairs_2
Lair:6:   hangedman_lair_in_review, layout_layer_cave, wormcave,
          dpeg_slime_entry_enclosed_altar, minmay_lair_oklob_items
Swamp:1:  layout_falls_marsh, evilmike_swamp_ruin_house_1, swamp_pool3
Swamp:2:  layout_falls_marsh, serial_swamp_ruin, evilmike_swamp_ruin_wall,
          evilmike_swamp_ruin_house_2, evilmike_swamp_ruin_house_3, uniq_aizul
Swamp:3:  layout_basic_swamp, hangedman_swamp_ruin_wall
Swamp:4:  swamp_icy, layout_basic_swamp, swamp_pool1, infiniplex_staircase_pool
Spider:1: layout_spider_delve, einodemon_crawler_minivault, uniq_agnes
Spider:2: nicolae_spider_mines_3
Spider:3: layout_spider_delve, minmay_another_anthill, uniq_asterion
Spider:4: guppyfry_spider_rune
Orc:1:    layout_caves, basic_altar, serial_shops, shop,
          statue_in_the_mist_lemuel
Orc:2:    st_orc_open, layout_diamond_mine, ebering_ghost_gozag, basic_altar,
          uniq_donald, uniq_snorg
Elf:1:    eino_elf_arrival_altar, layout_gridlike, serial_shops, shop,
          minivault_28, fake_guardian_serpent_vault
Vaults:1: v_misc_22, v_rooms_4, hangedman_vaults_stretched_pinwheel,
          vaults_door_vault, dpeg_vaults_monster_box, v_misc_26, v_misc_11,
          serial_ice_h, nicolae_vaults_rhombus_7, layout_vaults_chaotic_city,
          serial_shops, shop
Vaults:2: hangedman_vaults_slice, vaults_mumra_minichess, vaults_mumra_hex,
          nicolae_vaults_twisting_passages, nicolae_vaults_sealed_display,
          ontoclasm_vaults_eye, layout_vaults_omnicross, serial_shops,
          nicolae_shop_temple_entry_statues_fountains, uniq_nikola
Vaults:3: minmay_crypt_entry_simple_sparse, v_alt_pattern_2, v_misc_10,
          ontoclasm_vaults_idyll, vaults_standard_mumra_lines,
          vaults_mumra_hexcomb, hangedman_vaults_cutoff,
          nicolae_vaults_ring_of_whatevers, grunt_vaults_twisty,
          vaults_mumra_chevron, v_misc_13, nicolae_vaults_shelves_hall,
          layout_vaults_maze_bifur
Vaults:4: v_misc_23, ontoclasm_vaults_shout, v_misc_11, nicolae_vaults_big_ls,
          nicolae_vaults_theta, ontoclasm_vaults_shuriken,
          hangedman_vaults_nails, vaults_room_corners,
          ontoclasm_vaults_decontamination, vaults_room_corners,
          layout_vaults_omnigrid, serial_shops, shop, shop,
          nicolae_shop_waterfront, shop, nicolae_shop_crystal, uniq_mara
Crypt:1:  layout_catacombs, serial_sigils, serial_sigils_hangedman_scratch,
          serial_sigils_hangedman_writhe, serial_sigils_hangedman_gnaw,
          serial_sigils_hangedman_snap, st_stairs_9, grunt_ministairs_6,
          eino_tiny_chamber
Crypt:2:  layout_catacombs, nrook_guardian_serpent_ordinary
Crypt:3:  due_elkab, layout_chaotic_city, nicolae_tomb_entry_rubble_hallway,
          minmay_misc_feat_five
Tomb:1
Depths:1: layout_basic, enter_ziggurat_b, hangedman_coc_ice_floe,
          minmay_misc_feat_secret_circle, kennysheep_two_boxes, uniq_sojobo
Depths:2: gammafunk_mikee_crab_dinner, layout_twisted_cross, serial_shops, shop,
          shop, nicolae_shop_crystal, nicolae_shop_window_shopping, shop,
          abyss_entry_small_statue_room, lightli_too_deep, kennysheep_boxes,
          nicolae_transmutations_shop, drop_trap, onia_ninara_cookie
Depths:3: grunt_double_whammy, layout_basic, serial_sigils_hangedman_confine,
          hell_entry, rand_demon_pan_entry_8, infiniplex_staircase_star,
          uniq_frederick, uniq_enchantress

Skill      XL: |  1  2  3  4  5  6  7  8  9 10 11 12 13 14 15 16 17 18 19 20 21 |
---------------+----------------------------------------------------------------+-----
Spellcasting   | 1 2 3 4 5 6 7 8 9 |  9.7
Polearms       | 1 2 |  2.8
Throwing       | 1 2 3 4 5 6 7 8 9 |  9.5
Dodging        | 3 4 5 6 7 8 9 |  9.6
Stealth        | 3 4 5 6 7 8 9 10 11 12 | 12.4
Armour         | 1 2 3 4 5 6 7 8 9 10 | 10.4
Short Blades   | 1 2 4 5 6 7 8 9 10 11 12 | 12.0
Fighting       | 4 5 6 7 9 10 11 12 | 12.4
Ice Magic      | 1 2 3 4 5 6 7 |  7.0
Charms         | 1 2 3 4 5 |  5.5
Translocations | 1 2 3 4 5 |  5.5
Invocations    | 1 2 3 4 5 6 7 8 9 10 | 10.4
Shields        | 1 2 3 4 |  4.0
Hexes          | 1 2 3 4 5 6 7 |  7.0
Evocations     | 1 2 3 4 5 6 7 8 |  8.8
Conjurations   | 2 4 5 6 7 |  7.0
Axes           | 3 6 8 10 11 12 | 12.6
Summonings     | 1 2 3 4 |  4.6
Necromancy     | 1 2 3 4 |  4.3
Slings         | 4 5 6 |  6.1
Long Blades    | |  0.3
Unarmed Combat | |  0.2
Fire Magic     | |  0.6

Action                   |  1- 3 |  4- 6 |  7- 9 | 10-12 | 13-15 | 16-18 | 19-21 || total
-------------------------+-------+-------+-------+-------+-------+-------+-------++-------
Melee: Spear             |    74 |    83 |       |       |       |       |       ||   157
       Hand axe          |     5 |       |       |       |       |       |       ||     5
       Short sword       |       |    27 |   193 |   487 |  1574 |   528 |       ||  2809
       Unarmed           |       |       |       |       |    26 |    37 |       ||    63
       Broad axe         |       |       |       |       |       |  1685 |  1446 ||  3131
       Demon blade       |       |       |       |       |       |    34 |       ||    34
Throw: Boomerang         |       |       |    12 |    10 |    19 |    82 |    24 ||   147
       Javelin           |       |       |       |    21 |    67 |    42 |    63 ||   193
       Dart              |       |       |       |       |     2 |     3 |       ||     5
 Cast: Shroud of Golubri |       |       |     1 |       |     4 |     6 |    30 ||    41
       Portal Projectile |       |       |       |       |     1 |     5 |     3 ||     9
       Animate Skeleton  |       |       |       |       |       |   105 |    63 ||   168
       Summon Butterflie |       |       |       |       |       |     1 |     8 ||     9
       Call Imp          |       |       |       |       |       |       |    16 ||    16
       Apportation       |       |       |       |       |       |       |     9 ||     9
       Infusion          |       |       |       |       |       |       |    26 ||    26
       Spectral Weapon   |       |       |       |       |       |       |     7 ||     7
Invok: Heroism           |       |       |       |    19 |    29 |    41 |    45 ||   134
       Finesse           |       |       |       |       |       |     6 |     4 ||    10
Evoke: Wand              |       |       |       |       |     1 |     3 |     3 ||     7
  Use: Scroll            |     7 |     3 |     6 |    13 |    11 |    18 |    14 ||    72
       Potion            |       |       |       |     2 |     3 |    10 |     9 ||    24
 Stab: Sleeping          |     3 |     2 |     2 |    12 |     7 |    19 |    16 ||    61
       Distracted        |       |       |     1 |     1 |     2 |    11 |    12 ||    27
       Invisible         |       |       |       |       |       |     1 |       ||     1
       Confused          |       |       |       |       |       |     2 |       ||     2
       Petrified         |       |       |       |       |       |     1 |       ||     1
       Paralysed         |       |       |       |       |       |     1 |       ||     1
  Eat: Chunk             |     1 |     4 |     6 |    13 |    18 |    23 |    10 ||    75
       Ration            |       |       |     1 |     3 |     5 |    10 |     9 ||    28
Armor: Robe              |    20 |       |       |       |       |       |       ||    20
       Ring mail         |     7 |    56 |     1 |       |       |       |       ||    64
       Leather armour    |       |       |    94 |   107 |   143 |       |       ||   344
       Storm dragon scal |       |       |       |       |   746 |   791 |       ||  1537
       Ice dragon scales |       |       |       |       |       |   743 |   216 ||   959
       Acid dragon scale |       |       |       |       |       |       |   271 ||   271
Dodge: Dodged            |    36 |    59 |   124 |   266 |   834 |  1412 |   720 ||  3451
Block: Buckler           |       |       |    22 |    93 |   569 |  1665 |   917 ||  3266
       Reflection        |       |       |       |       |       |    33 |    28 ||    61
       Rpst.: Demon blade |       |       |       |       |       |     2 |       ||     2
